 Dungeon Crawl Stone Soup version 0.30-a0-779-g7971cf19c3 (webtiles) character file.

Game seed: 15931685740210084137

67658 Anon1729 the Executioner (level 14, -15/137 HPs)
             Began as a Minotaur Monk on Feb 17, 2023.
             Was a Priest of Jiyva.
             Demolished by Urug
             ... wielding a +5 long sword of flaming
              (36 damage)
             ... on level 1 of the Orcish Mines.
             The game lasted 00:15:18 (20399 turns).

Anon1729 the Executioner (Minotaur Monk)           Turns: 20399, Time: 00:15:19

Health: -15/137    AC: 19    Str: 22 (23) XL:     14   Next: 83%
Magic:  13/13      EV:  9    Int:  7      God:    Jiyva [***...]
Gold:   1660       SH:  0    Dex: 15      Spells: 13/13 levels left

rFire   + . .      SeeInvis .    x - +4 battleaxe of the Mauling Gods {venom, Str+2 Dex+2}
rCold   . . .      Faith    .    (shield currently unavailable)
rNeg    . . .      Spirit   .    K - +2 plate armour {rC+}
rPois   .          Reflect  .    (helmet restricted)
rElec   .          Harm     .    (no cloak)
rCorr   +          Rampage  .    (no gloves)
Will    +....                    (no boots) Stlth
                                 (no amulet)
HPRegen 1.54/turn                R - ring of resist corrosion
MPRegen 0.48/turn                a - ring of fire

@: no status effects
A: horns 2, retaliatory headbutt, deterioration 1
a: Renounce Religion, Oozemancy


You were on level 1 of the Orcish Mines.
You worshipped Jiyva.
Jiyva was most pleased with you.
You visited 4 branches of the dungeon, and saw 19 of its levels.

You collected 1824 gold pieces.
You spent 164 gold pieces at shops.

Inventory:

Hand Weapons
 n - a +0 broad axe
 w - the +8 dagger of Dito {drain, rC+ Str-5 Stlth+}
   (You found it on level 2 of the Dungeon)

   Str:       It affects your strength (-5).
   rC:        It protects you from cold.
   Stlth:     It makes you more stealthy.
 x - the +4 battleaxe of the Mauling Gods (weapon) {venom, Str+2 Dex+2}
   (You found it on level 4 of the Dungeon)

   Str:       It affects your strength (+2).
   Dex:       It affects your dexterity (+2).
Missiles
 q - 12 curare-tipped darts (quivered)
Armour
 K - a +2 plate armour of cold resistance (worn)
Jewellery
 a - a ring of fire (right hand)
 f - a ring of protection from cold
 Q - a ring of fire
 R - a ring of resist corrosion (left hand)
 T - a ring of flight
Wands
 m - a wand of iceblast (5)
 A - a wand of polymorph (5)
 D - a wand of mindburst (8)
 M - a wand of flame (42)
 P - a wand of charming (3)
 Y - a wand of light (5)
Scrolls
 d - 2 scrolls of immolation
 e - 4 scrolls of vulnerability
 g - a scroll of identify
 h - a scroll of fog
 l - 6 scrolls of magic mapping
 o - 2 scrolls of silence
 p - 4 scrolls of amnesia
 r - a scroll of noise {unknown}
 u - 4 scrolls of blinking
 y - a scroll of torment {unknown}
 B - 7 scrolls of fear
 C - 3 scrolls of summoning
 H - 4 scrolls of poison {unknown}
 N - 7 scrolls of teleportation
 U - 2 scrolls of brand weapon {unknown}
 X - a scroll of enchant armour {unknown}
 Z - a scroll of enchant weapon {unknown}
Potions
 b - 2 potions of magic {unknown}
 c - 3 potions of ambrosia
 i - 4 potions of attraction
 j - 2 potions of flight
 k - a potion of invisibility {unknown}
 s - 4 potions of heal wounds
 t - 2 potions of berserk rage {unknown}
 v - 4 potions of mutation {unknown}
 z - 7 potions of degeneration
 E - 5 potions of curing
 F - 7 potions of lignification
 J - a potion of cancellation {unknown}
 L - 3 potions of resistance {unknown}
 O - 3 potions of haste {unknown}
 S - 5 potions of might {unknown}
 V - 3 potions of brilliance {unknown}
Miscellaneous
 W - a lightning rod (4/4)


   Skills:
 + Level 16.1 Fighting
 * Level 21.8 Axes
 + Level 15.8 Armour
 - Level 4.2 Dodging
 - Level 1.5 Stealth


You had 13 spell levels left.
You didn't know any spells.
Your spell library contained the following spells:

 Spells                   Type           Power      Damage    Failure   Level
 Beastly Appendage        Tmut           0%         N/A       99%         1
 Cigotuvi's Dreadful Rot  Necr/Pois/Air  0%         N/A       99%         2
 Poisonous Vapours        Pois/Air       0%         N/A       99%         2
 Static Discharge         Conj/Air       0%         2-2/arc   99%         2
 Sublimation of Blood     Necr           0%         N/A       99%         2
 Wereblood                Tmut           0%         N/A       99%         2
 Dazzling Flash           Conj/Hex       0%         N/A       100%        3
 Hailstorm                Conj/Ice       0%         3d3       100%        3
 Ignite Poison            Fire/Tmut/Pois 0%         N/A       100%        3
 Inner Flame              Hex/Fire       0%         N/A       100%        3
 Kindle Blastsparks       Fire/Tloc/Air  0%         2d10      100%        3
 Mephitic Cloud           Conj/Pois/Air  0%         N/A       100%        3
 Spider Form              Tmut/Pois      0%         N/A       100%        3
 Tukima's Dance           Hex            0%         N/A       100%        3
 Vampiric Draining        Necr           0%         2d6       100%        3
 Vhi's Electric Charge    Tloc/Air       0%         N/A       100%        3
 Animate Dead             Necr           0%         N/A       100%        4
 Flame Wave               Conj/Fire      0%         2d4       100%        4
 Ice Form                 Ice/Tmut       0%         N/A       100%        4
 Iskenderun's Mystic Bla  Conj/Tloc      0%         2d3       100%        4
 Passage of Golubria      Tloc           0%         N/A       100%        4
 Petrify                  Tmut/Erth      0%         N/A       100%        4
 Sticky Flame             Conj/Fire      0%         2d3       100%        4
 Arcjolt                  Conj/Air       0%         1d10      100%        5
 Freezing Cloud           Conj/Ice/Air   0%         6-21      100%        5
 Lightning Bolt           Conj/Air       0%         1d11      100%        5
 Metabolic Englaciation   Hex/Ice        0%         N/A       100%        5
 Yara's Violent Unravell  Hex/Tmut       0%         3d3       100%        5
 Simulacrum               Ice/Necr       0%         N/A       100%        6
 Starburst                Conj/Fire      0%         6d3       100%        6
 Statue Form              Tmut/Erth      0%         N/A       100%        6
 Summon Hydra             Summ           0%         N/A       100%        7
 Borgnjor's Revivificati  Necr           0%         N/A       100%        8
 Ignition                 Fire           0%         3d3       100%        8
 Polar Vortex             Ice            0%         N/A       100%        9


Dungeon Overview and Level Annotations

Branches:
Dungeon (11/15)            Temple (1/1) D:6            Lair (5/5) D:11
  Swamp (0/4) Lair:2        Snake (0/4) Lair:3        Slime (0/5) Lair:5
    Orc (2/2) D:11
    Elf: Orc:2

Altars:
Ashenzari
Cheibriados
Dithmenos
Elyvilon
Fedhas
Gozag
Hepliaklqana
Kikubaaqudgha
Makhleb
Nemelex Xobeh
Okawaru
Qazlal
Ru
Sif Muna
Trog
Uskayaw
Vehumet
Wu Jian
Xom
Yredelemnul
Zin
The Shining One
Jiyva

Shops:
D:5 :(*!   D:7 :   Orc:1 :   Orc:2 *

Annotations:
Lair:4 2 transporters, exclusion: oklob plant, caveywoolpert's ghost, journeyman DgEE
Orc:1 Urug


Innate Abilities, Weirdness & Mutations

You have a pair of horns on your head.
You reflexively headbutt those who attack you in melee.
Your body sometimes deteriorates upon taking damage.


Message History

Urug burns you. The troll bites you! The troll claws you but does no damage.
The troll closely misses you.
You are too injured to fight recklessly!
You are too injured to fight recklessly!
You are too injured to fight recklessly!
You are too injured to fight recklessly!
You are too injured to fight recklessly!
You are too injured to fight recklessly!
You are too injured to fight recklessly!
You are too injured to fight recklessly!
You are too injured to fight recklessly!
You are too injured to fight recklessly!
Urug hits you with a +5 long sword of flaming!
* * * LOW HITPOINT WARNING * * *
Urug burns you.
* * * LOW HITPOINT WARNING * * *
Things that are here:
a +0 plate armour of fire resistance; a +0 battleaxe; an orc corpse
Okay, then.
You feel much better. The troll bites you but does no damage.
The troll claws you but does no damage. The troll completely misses you.
Urug closely misses you.
You slice Urug!!
Urug is poisoned.
Urug is heavily wounded.
You slash the troll!
The troll looks as sick as possible!
You slice Urug!!
Urug looks as sick as possible!
Your headbutt misses Urug.
Urug is severely wounded.
You slice the troll!!
You kill the troll!
The troll leather armour is intact enough to wear.
Urug squints and screams, "A harpy?
Time to die, you blasted buzzard!"
Urug hits you with a +5 long sword of flaming!!
* * * LOW HITPOINT WARNING * * *
Your body deteriorates!
You feel weakened. Urug burns you.
* * * LOW HITPOINT WARNING * * *
You barely miss Urug.
Urug is severely wounded.
Urug hits you with a +5 long sword of flaming!!!
You die...

### ###.##
###....##
#.@o....##
###>......#
###...)##...#
##.#....###..####
#......####.....#
##.....###.....##
##.....#....###
##....#....#
####....###


You could see Urug (strong, extremely poisoned).

Vanquished Creatures
  A dire elephant (Lair:5)
  A fire dragon (Lair:5)
  An ice dragon (Lair:3)
  A hydra (Lair:4)
  The ghost of Votaocegoa the Thaumaturge, a journeyman GnWn of Cheibriados (Lair:2)
  3 catoblepae
  A two-headed ogre (D:11)
  18 death yaks
  An orc high priest (Orc:1)
  Sonja (D:11)
  A skyshark (Lair:3)
  A swamp dragon (Lair:5)
  A bog body (Lair:2)
  3 orc knights
  3 lindwurms
  3 orc sorcerers (Orc:1)
  A cyclops (D:11)
  29 elephants
  3 manticores
  4 black mambas
  A gargoyle (D:10)
  10 cane toads
  A torpor snail (Lair:5)
  8 rime drakes
  A kobold demonologist (D:11)
  18 komodo dragons
  6 trolls
  4 blink frogs
  A hornet (D:9)
  2 dream sheep (Lair:5)
  A shadow (D:10)
  A vampire (D:10)
  26 yaks
  A wyvern (Lair:5)
  A wraith (D:10)
  8 basilisks
  7 vampire mosquitoes
  Menkaure (D:5)
  7 wargs
  11 water moccasins
  6 nagas (Lair:3)
  3 acid dragons
  19 orc warriors
  2 swamp drakes (Lair:5)
  5 black bears
  2 sky beasts
  A black mamba simulacrum (Lair:3)
  30 wolves
  7 ogres
  6 centaurs
  A phantom (D:5)
  9 bullfrogs
  7 kobold brigands
  2 necrophages
  2 scorpions
  10 wights
  2 elephant simulacra (Lair:3)
  21 killer bees
  5 howler monkeys
  A rime drake simulacrum (Lair:3)
  A komodo dragon simulacrum (Lair:3)
  19 orc priests
  2 hounds
  A jelly (D:6)
  A gnoll bouda (D:5)
  Jessica (D:2)
  8 iguanas
  12 orc wizards
  Natasha (thrice) (D:2)
  A basilisk simulacrum (Lair:3)
  4 gnolls (D:5)
  6 adders
  A shadow imp (D:5)
  2 white imps (D:5)
  A worm (D:4)
  2 dart slugs (D:1)
  92 orcs
  6 ball pythons
  5 endoplasms
  2 giant cockroaches
  4 goblins
  5 hobgoblins
  4 jackals (D:1)
  2 quokkas
  6 bats
  2 frilled lizards
  28 kobolds
  6 rats
562 creatures vanquished.

Vanquished Creatures (others)
  A steam dragon (Lair:5)
  A jelly (Lair:5)
  An iguana (Lair:5)
  An orc (D:11)
  A bush (Lair:3)
  26 fungi
  53 plants
  3 toadstools (D:1)
87 creatures vanquished.

Grand Total: 649 creatures vanquished

Notes
Turn   | Place    | Note
-------+----------+-------------------------------------------
     0 | D:1      | Anon1729 the Minotaur Monk began the quest for the Orb.
     0 | D:1      | Reached XP level 1. HP: 19/19 MP: 0/0
   282 | D:1      | Reached XP level 2. HP: 20/27 MP: 1/1
   285 | D:1      | Reached skill level 4 in Axes
   356 | D:1      | Reached skill level 1 in Armour
   589 | D:2      | Noticed Jessica
   594 | D:2      | Reached XP level 3. HP: 19/33 MP: 2/2
   599 | D:2      | Killed Jessica
   706 | D:2      | Noticed Natasha
   712 | D:2      | Killed Natasha
   713 | D:2      | Reached XP level 4. HP: 30/40 MP: 3/3
   816 | D:2      | You fall into a shaft and drop 1 floor!
   846 | D:3      | Reached skill level 5 in Axes
  1286 | D:3      | Noticed a scorpion
  1291 | D:3      | Killed a scorpion
  1292 | D:3      | Reached XP level 5. HP: 47/47 MP: 4/4
  1956 | D:2      | Noticed Natasha
  1959 | D:2      | Killed Natasha
  1993 | D:2      | Noticed Natasha
  1998 | D:2      | Killed Natasha
  1999 | D:2      | Reached XP level 6. HP: 48/55 MP: 5/5
  2039 | D:2      | Reached skill level 6 in Axes
  2049 | D:2      | Identified the +8 dagger of Dito {drain, rC+ Str-5 Stlth+}
  2256 | D:4      | Reached skill level 5 in Fighting
  2431 | D:4      | Identified the +4 battleaxe of the Mauling Gods {venom,
                  | Str+2 Dex+2}
  3042 | D:4      | Reached XP level 7. HP: 49/61 MP: 6/6
  3044 | D:4      | Reached skill level 7 in Axes
  3142 | D:5      | Entered Level 5 of the Dungeon
  3189 | D:5      | Found Cinweqam's Weapon Emporium.
  3370 | D:5      | Found Rapyceh's Book Shop.
  3581 | D:5      | Reached skill level 8 in Axes
  3777 | D:5      | Found Puevej's Distillery.
  3785 | D:5      | Bought a potion of degeneration for 12 gold pieces
  3785 | D:5      | Bought a potion of curing for 36 gold pieces
  3785 | D:5      | Bought a potion of flight for 36 gold pieces
  3785 | D:5      | Bought a potion of lignification for 36 gold pieces
  3886 | D:5      | Reached skill level 5 in Armour
  3896 | D:5      | Reached XP level 8. HP: 65/71 MP: 7/7
  4093 | D:5      | Found Gewefon's General Store.
  4114 | D:5      | Noticed Menkaure
  4121 | D:5      | Killed Menkaure
  4122 | D:5      | Reached skill level 9 in Axes
  4406 | D:5      | Bought a scroll of identify for 22 gold pieces
  4406 | D:5      | Bought a scroll of identify for 22 gold pieces
  4625 | D:6      | Reached skill level 10 in Axes
  4625 | D:6      | Found a staircase to the Ecumenical Temple.
  4704 | Temple   | Entered the Ecumenical Temple
  5120 | D:6      | Identified the +0 leather armour "Werumahesi" {Will+ MP+9
                  | Str+3 Slay-5}
  5151 | D:6      | Identified the +1 robe of the Slightly Bent {rC- Str+3
                  | Slay+3}
  5179 | D:6      | Reached XP level 9. HP: 80/80 MP: 8/8
  5805 | D:7      | Found Aqukylli's Book Shop.
  5894 | D:7      | Reached skill level 11 in Axes
  6738 | D:8      | Reached skill level 12 in Axes
  6846 | D:8      | Reached XP level 10. HP: 89/91 MP: 9/9
  7525 | D:9      | Reached skill level 13 in Axes
  7605 | D:9      | Reached skill level 10 in Fighting
  8426 | D:10     | Entered Level 10 of the Dungeon
  8426 | D:10     | Noticed a gargoyle
  8429 | D:10     | Killed a gargoyle
  8430 | D:10     | Reached skill level 14 in Axes
  8461 | D:10     | Reached skill level 10 in Armour
  8543 | D:10     | Found a shimmering altar of Xom.
  8543 | D:10     | Found a shimmering blue altar of Sif Muna.
  8544 | D:10     | Found a hazy altar of Hepliaklqana.
  8582 | D:10     | Found a stormy altar of Qazlal.
  8807 | D:10     | Reached XP level 11. HP: 100/101 MP: 10/10
  9375 | D:11     | Noticed a death yak
  9380 | D:11     | Noticed a death yak
  9380 | D:11     | Noticed a death yak
  9521 | D:11     | Noticed a death yak
  9531 | D:10     | Killed a death yak
  9532 | D:10     | Reached skill level 15 in Axes
  9533 | D:10     | Killed a death yak
  9700 | D:11     | Noticed a death yak
  9700 | D:11     | Noticed a death yak
  9700 | D:11     | Noticed a death yak
  9700 | D:11     | Noticed a death yak
  9703 | D:11     | Noticed a death yak
  9708 | D:10     | Killed a death yak
  9710 | D:10     | Killed a death yak
 10013 | D:9      | Killed a death yak
 10018 | D:9      | Killed a death yak
 10227 | D:10     | Killed a death yak
 10231 | D:10     | Reached skill level 16 in Axes
 10306 | D:10     | Killed a death yak
 10486 | D:10     | Killed a death yak
 10600 | D:11     | Noticed a two-headed ogre
 10604 | D:11     | Noticed Sonja
 10607 | D:11     | Reached XP level 12. HP: 88/112 MP: 11/11
 10615 | D:11     | Killed a two-headed ogre
 10620 | D:11     | Killed Sonja
 10817 | D:11     | Found a staircase to the Lair.
 10940 | D:11     | Found a staircase to the Orcish Mines.
 11065 | D:11     | Reached skill level 17 in Axes
 11910 | Lair:1   | Entered Level 1 of the Lair of Beasts
 12274 | Lair:1   | HP: 5/113 [komodo dragon (25)]
 12961 | Lair:1   | Noticed a catoblepas
 12967 | Lair:1   | Killed a catoblepas
 13724 | Lair:2   | Reached skill level 18 in Axes
 14287 | Lair:2   | Found a staircase to the Swamp.
 14701 | Lair:3   | Reached XP level 13. HP: 112/122 MP: 12/12
 14892 | Lair:3   | Reached skill level 19 in Axes
 15184 | Lair:3   | Found a staircase to the Snake Pit.
 15754 | Lair:3   | Found a runed translucent gate.
 15754 | Lair:3   | Found a runed translucent gate.
 15754 | Lair:3   | Found a runed translucent gate.
 15785 | Lair:3   | Noticed Votaocegoa's ghost (journeyman GnWn)
 16483 | Lair:2   | Killed Votaocegoa's ghost
 16888 | Lair:4   | Found a transporter.
 16891 | Lair:4   | Found a transporter.
 17127 | Lair:4   | Got Ereshkigal's Vellum of the Damned
 17168 | Lair:4   | Noticed caveywoolpert's ghost (journeyman DgEE)
 17385 | Lair:4   | Reached skill level 20 in Axes
 17721 | Lair:5   | Entered Level 5 of the Lair of Beasts
 18065 | Lair:5   | Found a viscous altar of Jiyva.
 18065 | Lair:5   | Found a staircase to the Slime Pits.
 18170 | Lair:5   | Reached skill level 15 in Fighting
 18170 | Lair:5   | Reached XP level 14. HP: 124/135 MP: 13/13
 18226 | Lair:5   | Became a worshipper of Jiyva Jafuiqiy the Shapeless
 18226 | Lair:5   | Reached * piety under Jiyva
 18226 | Lair:5   | Reached ** piety under Jiyva
 18614 | Lair:5   | Reached skill level 15 in Armour
 18614 | Lair:5   | HP: 1/135 [dire elephant (21)]
 18820 | Lair:5   | Reached skill level 21 in Axes
 19611 | Orc:1    | Entered Level 1 of the Orcish Mines
 19636 | Orc:1    | Gained mutation: Your body sometimes deteriorates upon
                  | taking damage. [a neqoxec]
 19896 | Orc:1    | Reached *** piety under Jiyva
 20095 | Orc:1    | Found Xeud's Book Shop.
 20208 | Orc:2    | Entered Level 2 of the Orcish Mines
 20208 | Orc:2    | Found Xouqytz's Assorted Antiques.
 20269 | Orc:2    | Noticed an orc warlord
 20357 | Orc:2    | Noticed Urug
 20399 | Orc:1    | Demolished by Urug

Illustrated notes

Levels and vault maps discovered:
D:1:      dpeg_arrival_shelter, layout_rooms, chequers_garden,
          minmay_gold_behind_fungi
D:2:      layout_rooms, uniq_jessica, uniq_natasha
D:3:      layout_loops_corners
D:4:      layout_basic
D:5:      layout_cave_pods, serial_shops, shop, nicolae_lakefront_shop, shop,
          shop_statue, uniq_menkaure
D:6:      layout_basic, minmay_temple_entry_statues_pillars
D:7:      layout_basic, serial_shops, shop
D:8:      layout_basic
D:9:      layout_cave_pods
D:10:     layout_loops_ring, nicolae_overflow_quartered_altars,
          blue_anna_alchemist
D:11:     layout_rooms, dpeg_lair_monsters, orc_0_dummy, special_room
          [special_room_orc], uniq_sonja
Temple:   dpeg_five_rooms_temple
Lair:1:   layout_gridlike, nicolae_volcano_entry_vermiform
Lair:2:   layout_roguey, skrybe_swamp_entry_bodies, grunt_forest_stairs_basic,
          eino_small_chamber_without_monster
Lair:3:   layout_chaotic_city, minmay_snake_entry_guardpost_medium,
          gammafunk_ghost_icy, nicolae_lair_grazing_beasts
          [nicolae_sub_lair_graze_edge, nicolae_sub_lair_graze_edge,
          nicolae_sub_lair_graze_edge, nicolae_sub_lair_graze_edge]
Lair:4:   layout_regular_city, nzn_ghost_randoct, st_stairs_5, lemuel_fruit_tree
Lair:5:   guppyfry_lair_end_dragon, layout_long_grid, hangedman_lair_in_review,
          dpeg_slime_entry_enclosed
Orc:1:    layout_diamond_mine, basic_altar, serial_shops,
          nicolae_lakefront_shop, mines_bat_river
Orc:2:    st_orc_pillars, layout_diamond_mine, serial_shops, shop_statue,
          bloody_makhleb, uniq_urug

Skill      XL: |  1  2  3  4  5  6  7  8  9 10 11 12 13 14 |
---------------+-------------------------------------------+-----
Axes           | 4 5 6 8 10 12 14 16 18 20 21 | 21.8
Armour         | 1 2 3 5 6 8 10 11 13 14 15 | 15.8
Fighting       | 4 5 6 7 9 10 12 13 15 16 | 16.1
Dodging        | 4 |  4.2
Stealth        | |  1.5

Action                     |  1- 3 |  4- 6 |  7- 9 | 10-12 | 13-15 || total
---------------------------+-------+-------+-------+-------+-------++-------
  Melee: Hand axe          |    44 |     3 |       |       |       ||    47
         Headbutt          |     7 |    15 |    27 |    84 |   149 ||   282
         Broad axe         |       |    83 |       |       |       ||    83
         Punch             |       |     1 |       |       |       ||     1
         Battleaxe         |       |    18 |   182 |   382 |   540 ||  1122
  Evoke: Wand              |       |       |       |     4 |     4 ||     8
    Use: Scroll            |       |     3 |     3 |     3 |     6 ||    15
         Potion            |       |       |       |     2 |     5 ||     7
   Stab: Petrified         |       |       |       |       |     3 ||     3
         Confused          |       |       |       |       |     2 ||     2
 Armour: Scale mail        |    24 |    36 |    12 |       |       ||    72
         Robe              |     1 |       |       |       |       ||     1
         Ring mail         |       |       |    29 |       |       ||    29
         Plate armour      |       |       |    80 |   286 |   303 ||   669
  Dodge: Dodged            |    19 |    55 |    95 |   197 |   255 ||   621

Table legend: (Time is in decaauts)
 A = Elapsed time spent in this place.
 B = Non-inter-level travel time spent in this place.
 C = Inter-level travel time spent in this place.
 D = Time resting spent in this place.
 E = Time spent auto-exploring this place.
 F = Levels seen in this place.
 G = Mean time per level.
                   A        B        C        D        E       F      G
               +--------+--------+--------+--------+--------+-----+--------+
         Total |  20362 |  19428 |    934 |   2661 |  14084 |  19 | 1071.7 |
       Dungeon |  11745 |  11208 |    537 |   1727 |   8017 |  11 | 1067.7 |
        Temple |    291 |    242 |     49 |      0 |    232 |   1 |  291.0 |
          Lair |   7569 |   7279 |    290 |    808 |   5451 |   5 | 1513.8 |
  Orcish Mines |    755 |    699 |     56 |    126 |    384 |   2 |  377.5 |
               +--------+--------+--------+--------+--------+-----+--------+

Top non-repeatable levels by time:
    D:10: 2339 daAuts
  Lair:1: 1837 daAuts
  Lair:3: 1832 daAuts
  Lair:5: 1646 daAuts
     D:9: 1435 daAuts
     D:5: 1299 daAuts
  Lair:2: 1249 daAuts
     D:7: 1230 daAuts
  Lair:4: 1004 daAuts
     D:3: 964 daAuts
     D:4: 951 daAuts
     D:6: 803 daAuts
    D:11: 761 daAuts
     D:2: 686 daAuts
   Orc:1: 681 daAuts
